 Dungeon Crawl Stone Soup version 0.30-a0-358-g0d69a1922f (webtiles) character file.

Game seed: 10785256218898708583

4166 Elric the Basher (level 10, -14/77 HPs)
             Began as a Yellow Draconian Fighter on Nov 9, 2022.
             Was a Believer of Makhleb.
             Killed by an exploding killer bee (21 damage)
             ... ignited by their inner flame
             ... on level 8 of the Dungeon.
             The game lasted 00:20:21 (7768 turns).

Elric the Basher (Yellow Draconian Fighter)         Turns: 7768, Time: 00:20:23

Health: -14/77     AC:  8    Str: 21    XL:     10   Next: 7%
Magic:  0/21       EV: 12    Int: 10    God:    Makhleb [**....]
Gold:   427        SH:  4    Dex: 11    Spells: 22/24 levels left

rFire   . . .      SeeInvis .    a - +0 flail (spect)
rCold   . . .      Faith    .    b - +0 buckler
rNeg    . . .      Spirit   +    (body armour unavailable)
rPois   .          Reflect  .    (helmet restricted)
rElec   .          Harm     .    (no cloak)
rCorr   +          Rampage  .    (no gloves)
Will    .....                    f - +0 pair of boots
Stlth   +.........               n - amulet of guardian spirit
HPRegen 0.32/turn                (no ring)
MPRegen 0.17/turn                (no ring)

@: lethally poisoned (-14 -> -31), about to teleport
A: spit acid, AC +7, unfitting armour, cold-blooded, acid resistance
a: Breathe Acid, Renounce Religion, Minor Destruction


You were on level 8 of the Dungeon.
You worshipped Makhleb.
Makhleb was pleased with you.
You visited 1 branch of the dungeon, and saw 8 of its levels.

You collected 427 gold pieces.

Inventory:

Hand Weapons
 a - a +0 spectral flail (weapon)
 c - a +2 vorpal mace
 y - a +0 whip of freezing
Armour
 b - a +0 buckler (worn)
 f - a +0 pair of boots (worn)
Jewellery
 j - an amulet of faith
 n - an amulet of guardian spirit (around neck)
Wands
 k - a wand of acid (3)
 m - a wand of polymorph (10)
 o - a wand of roots (6)
Scrolls
 d - a scroll of amnesia
 e - 4 scrolls of identify
 g - 2 scrolls of immolation
 l - 3 scrolls of teleportation
 r - a scroll of noise
 u - a scroll of enchant armour {unknown}
Potions
 h - a potion of berserk rage {unknown}
 i - a potion of resistance {unknown}
 p - a potion of curing
 q - a potion of heal wounds
 s - 5 potions of lignification {unknown}
 t - a potion of magic {unknown}
 v - a potion of brilliance
 w - a potion of cancellation {unknown}
 z - 3 potions of mutation {unknown}


   Skills:
 - Level 3.4 Fighting
 - Level 9.3 Maces & Flails
 - Level 2.8 Dodging
 - Level 3.1 Shields
 + Level 7.9 Spellcasting
 - Level 5.0 Conjurations
 - Level 5.0 Air Magic


You had 22 spell levels left.
You knew the following spells:

 Your Spells              Type           Power      Damage    Failure   Level
a - Static Discharge      Conj/Air       28%        2-4/arc   4%          2

Your spell library contained the following spells:

 Spells                   Type           Power      Damage    Failure   Level
 Vhi's Electric Charge    Tloc/Air       18%        N/A       24%         3
 Sublimation of Blood     Necr           3%         N/A       34%         2
 Wereblood                Tmut           3%         N/A       34%         2
 Arcjolt                  Conj/Air       7%         1d17      61%         5
 Lightning Bolt           Conj/Air       7%         1d19      61%         5
 Summon Hydra             Summ           1%         N/A       100%        7


Dungeon Overview and Level Annotations

Branches:
Dungeon (8/15)             Temple (0/1) D:5
   Lair: D:8-11

Altars:
Cheibriados
Hepliaklqana
Kikubaaqudgha
Makhleb
Sif Muna
Uskayaw
Vehumet
Wu Jian
Zin
The Shining One

Shops:
D:1 ?

Annotations:
D:4 exclusion: statue


Innate Abilities, Weirdness & Mutations

You can spit globs of acid.
Your golden yellow scales are hard. (AC +7)
You cannot fit into any form of body armour.
You are cold-blooded and may be slowed by cold attacks.
You are resistant to acid. (rCorr)


Message History

The howler monkey completely misses your butterfly.
The killer bee stings you.
* * * LOW HITPOINT WARNING * * *
The killer bee stings you.
* * * LOW HITPOINT WARNING * * *
The killer bee closely misses you.
You feel much better.
You feel very sick.
The howler monkey closely misses your butterfly.
The killer bee stings you. You block the killer bee's attack.
The killer bee stings you! You block the killer bee's attack.
The howler monkey hoots and howls with incredible vigour!
The killer bee closely misses you.
The killer bee stings you but does no damage.
The orc closely misses your butterfly. The killer bee stings you.
* * * LOW HITPOINT WARNING * * *
You are more poisoned.
The killer bee poisons you! The killer bee barely misses you.
You hear a bellow!
You hear a howl! x2
Unknown command.
You closely miss the killer bee.
Your +0 spectral flail hits the killer bee!
Makhleb accepts your kill.
You feel better.
The killer bee explodes!
The fiery explosion engulfs the killer bee!!!
Makhleb accepts your kill.
You feel better.
The fiery explosion engulfs the killer bee!!!
Makhleb accepts your kill.
You feel better. The fiery explosion engulfs you!!
* * * LOW HITPOINT WARNING * * *
The fiery explosion engulfs your butterfly!!
Your butterfly disappears in a burst of colours!
The fiery explosion engulfs the killer bee!!
Makhleb accepts your kill.
You feel better.
The killer bee explodes!
The fiery explosion engulfs you!!
You die...

....# ....# .. ###.#.# #.
...(.. .. # ....## #... .
.....#### #..# .# ........#
###.#### .### .
))...##.####....§§######...#..
)..............(@§bb..))......
#.##.#..........§§§bb†))......
..).........bb.§§§..##))/.....
.......###..b...hb..##.b.)....
.......##..o...b....###.J...#.
.....).##....b..b...# .....#
.......#..#........## .......
........)#..<.......# .......
...................... .......


You could see a howler monkey (inner flame, catching breath), an orc (inner
flame) and a friendly +0 spectral flail (summoned, wandering).

Vanquished Creatures
  Pikel (D:6)
  Sigmund (D:3)
  Eustachio (D:5)
  A steam dragon (D:7)
  Duvessa (D:7)
  An acid dragon (D:8)
  A water moccasin (D:5)
  An ice beast (D:6)
  3 sky beasts
  A black bear (D:5)
  5 centaurs
  An ogre (D:6)
  2 lemures (D:6)
  A phantom (D:5)
  A kobold brigand (D:8)
  Blork the orc (D:5)
  3 bullfrogs
  2 necrophages (D:6)
  4 scorpions
  Dowan (D:7)
  5 killer bees (D:8)
  2 howler monkeys
  A bullfrog zombie (D:5)
  A centaur zombie (D:5)
  6 orc priests
  5 hounds
  2 scorpion zombies (D:5)
  Natasha (twice) (D:3)
  10 orc wizards
  A killer bee zombie (D:5)
  3 hound zombies (D:5)
  A hound skeleton (D:5)
  A howler monkey zombie (D:5)
  Robin (D:4)
  8 gnolls
  11 adders
  2 worms
  2 dart slugs (D:2)
  31 orcs
  7 ball pythons
  6 bats
  10 endoplasms
  4 giant cockroaches
  10 goblins
  12 hobgoblins
  A jackal (D:5)
  2 quokkas
  2 frilled lizards
  15 kobolds
  5 rats
202 creatures vanquished.

Vanquished Creatures (others)
  A withered plant (D:5)
1 creature vanquished.

Grand Total: 203 creatures vanquished

Notes
Turn   | Place    | Note
-------+----------+-------------------------------------------
     0 | D:1      | Elric the Draconian Fighter began the quest for the Orb.
     0 | D:1      | Reached XP level 1. HP: 19/19 MP: 1/1
    83 | D:1      | Found Woifugodgh's Magic Scroll Shop.
   161 | D:1      | Reached XP level 2. HP: 26/26 MP: 2/2
   425 | D:1      | Reached skill level 3 in Maces & Flails
   608 | D:2      | Reached XP level 3. HP: 31/31 MP: 3/3
   965 | D:2      | HP: 1/31 [orc/+0 trident of flaming (1)]
   980 | D:2      | Reached skill level 4 in Maces & Flails
   993 | D:2      | Reached XP level 4. HP: 26/38 MP: 4/4
  1639 | D:3      | Noticed Natasha
  1647 | D:3      | Killed Natasha
  1729 | D:3      | Reached skill level 5 in Maces & Flails
  1763 | D:3      | Noticed Sigmund
  1820 | D:3      | Killed Sigmund
  1821 | D:3      | Reached skill level 6 in Maces & Flails
  1821 | D:3      | Reached XP level 5. HP: 13/45 MP: 0/5
  1821 | D:3      | Reached XP level 6. HP: 15/51 MP: 0/6
  2094 | D:3      | Found a shimmering blue altar of Sif Muna.
  2159 | D:3      | Found an ancient bone altar of Kikubaaqudgha.
  2160 | D:3      | Found a glowing golden altar of the Shining One.
  2228 | D:3      | Noticed Natasha
  2244 | D:3      | Killed Natasha
  2587 | D:4      | Found a glowing silver altar of Zin.
  2863 | D:4      | Reached skill level 7 in Maces & Flails
  3081 | D:4      | Found a hide-covered altar of Uskayaw.
  3131 | D:4      | Noticed Robin
  3137 | D:4      | Your scales start taking on a golden yellow colour.
  3137 | D:4      | Reached XP level 7. HP: 56/57 MP: 7/7
  3137 | D:4      | Gained mutation: You are resistant to acid. (rCorr) [Yellow
                  | Draconian growth]
  3141 | D:4      | Killed Robin
  3273 | D:4      | Learned a level 2 spell: Static Discharge
  3413 | D:4      | Found a radiant altar of Vehumet.
  3577 | D:5      | Entered Level 5 of the Dungeon
  3601 | D:5      | Found a burning altar of Makhleb.
  3612 | D:5      | Became a worshipper of Makhleb the Destroyer
  3708 | D:5      | Reached skill level 1 in Conjurations
  3708 | D:5      | Reached skill level 1 in Air Magic
  3734 | D:5      | Noticed Blork the orc
  3748 | D:5      | Killed Blork the orc
  3849 | D:5      | Reached skill level 8 in Maces & Flails
  4092 | D:5      | Reached XP level 8. HP: 15/63 MP: 3/8
  4100 | D:5      | HP: 3/63 [poisoned by a water moccasin]
  4391 | D:5      | Noticed Eustachio
  4401 | D:5      | Noticed Ijyb
  4415 | D:5      | Paralysed by Ijyb for 5 turns
  4427 | D:5      | Ijyb changed into Ijyb the jackal
  4427 | D:5      | Noticed Ijyb
  4428 | D:5      | Killed Ijyb the jackal
  4442 | D:5      | Killed Eustachio
  4662 | D:5      | Found an ornate altar of the Wu Jian Council.
  4761 | D:5      | Found a staircase to the Ecumenical Temple.
  4810 | D:5      | Reached * piety under Makhleb
  5165 | D:6      | Reached skill level 9 in Maces & Flails
  5288 | D:6      | Reached skill level 5 in Conjurations
  5483 | D:6      | Reached skill level 5 in Air Magic
  5483 | D:6      | Reached XP level 9. HP: 70/70 MP: 9/9
  5664 | D:6      | Reached skill level 1 in Spellcasting
  5810 | D:6      | Found a glowing drain.
  6024 | D:6      | Found a hazy altar of Hepliaklqana.
  6478 | D:7      | Noticed Pikel
  6621 | D:6      | Killed Pikel
  6711 | D:6      | Reached skill level 5 in Spellcasting
  6766 | D:7      | Reached ** piety under Makhleb
  7261 | D:7      | Noticed Duvessa
  7276 | D:7      | Noticed Dowan
  7277 | D:7      | Killed Duvessa
  7281 | D:7      | Killed Dowan
  7593 | D:7      | Found a snail-covered altar of Cheibriados.
  7745 | D:8      | Reached XP level 10. HP: 73/77 MP: 18/21
  7768 | D:8      | Killed by an exploding killer bee... ignited by their inner
                  | flame

Illustrated notes

Levels and vault maps discovered:
D:1:      dpeg_arrival_three_bigger_balls, layout_rooms, serial_shops,
          shop_statue
D:2:      layout_rooms, dk_noncrumbling_3, guppyfry_early_orc_mine
D:3:      layout_basic, mainiacjoe_overflow_alcove_4,
          mainiacjoe_overflow_divided_tiny, minmay_hedge_maze,
          grunt_decor_mini_mirrors, uniq_sigmund, uniq_natasha
D:4:      layout_cave_pools, nicolae_uskayaw_murder_on_the_dancefloor,
          mainiacjoe_overflow_chevrons, vehumet_statue, uniq_robin
D:5:      layout_basic, nzn_wu_jian_contemplation, makhleb_heckhound_becter,
          temple_pool_b, serial_undead, serial_undead_b, serial_undead_d,
          serial_undead_b, serial_undead_e, uniq_ijyb, uniq_eustachio,
          uniq_blork_the_orc
D:6:      layout_basic, worldfamousw_hep_ancestral_shrine, portal_sewer_entry_a
D:7:      layout_rooms, chei_slow_surprise, uniq_pikel, uniq_duvessa
D:8:      layout_rooms, uniq_psyche

Skill      XL: |  1  2  3  4  5  6  7  8  9 |
---------------+----------------------------+-----
Maces & Flails | 3 4 6 7 8 9 |  9.3
Conjurations   | 2 5 |  5.0
Air Magic      | 2 5 |  5.0
Spellcasting   | 7 |  7.9
Fighting       | |  3.4
Dodging        | |  2.8
Shields        | |  3.1

Action                   |  1- 3 |  4- 6 |  7- 9 | 10-12 || total
-------------------------+-------+-------+-------+-------++-------
Melee: Flail             |   120 |   175 |    42 |    12 ||   349
       Tailslap          |     9 |    18 |    46 |     2 ||    75
       Mace              |       |    36 |   322 |       ||   358
Throw: Throwing net      |       |       |     2 |       ||     2
 Cast: Static Discharge  |       |       |    12 |       ||    12
Invok: Minor Destruction |       |       |     1 |       ||     1
 Abil: Breathe Acid      |       |       |    13 |     1 ||    14
Evoke: Wand              |       |       |     3 |       ||     3
  Use: Potion            |     4 |     5 |     3 |     1 ||    13
       Scroll            |       |       |    10 |     3 ||    13
 Stab: Sleeping          |     1 |     1 |       |       ||     2
Armor: Skin              |    53 |    64 |   189 |     4 ||   310
Dodge: Dodged            |    85 |   158 |   252 |    25 ||   520
Block: Buckler           |    36 |    39 |    99 |    12 ||   186

Table legend: (Time is in decaauts)
 A = Elapsed time spent in this place.
 B = Non-inter-level travel time spent in this place.
 C = Inter-level travel time spent in this place.
 D = Time resting spent in this place.
 E = Time spent auto-exploring this place.
 F = Levels seen in this place.
 G = Mean time per level.
                   A        B        C        D        E       F      G
               +--------+--------+--------+--------+--------+-----+--------+
         Total |   7837 |   7541 |    296 |    760 |   5240 |   8 |  979.6 |
       Dungeon |   7837 |   7541 |    296 |    760 |   5240 |   8 |  979.6 |
               +--------+--------+--------+--------+--------+-----+--------+

Top non-repeatable levels by time:
     D:6: 1891 daAuts
     D:3: 1559 daAuts
     D:5: 1543 daAuts
     D:2: 762 daAuts
     D:4: 755 daAuts
     D:7: 662 daAuts
     D:1: 559 daAuts
     D:8: 101 daAuts
